 Dungeon Crawl Stone Soup version 0.21-a0-578-gc6e9d75 (webtiles) character file.

77 Lanoc the Insei (level 4, -1/32 HPs)
             Began as a Demonspawn Transmuter on Dec 18, 2017.
             Succumbed to Crazy Yiuf's poison
             ... on level 2 of the Dungeon.
             The game lasted 00:04:59 (1575 turns).

Lanoc the Insei (Demonspawn Transmuter)             Turns: 1575, Time: 00:04:59

Health: -1/32      AC:  3    Str: 11    XL:     4   Next: 14%
Magic:  0/7        EV: 12    Int: 15    God:
Gold:   59         SH:  0    Dex: 13    Spells: 4/7 levels left

rFire    . . .     SeeInvis .     - Unarmed
rCold    . . .     Gourm    .   (no shield)
rNeg     . . .     Faith    .   b - +0 robe
rPois    .         Spirit   +   (no helmet)
rElec    .         Reflect  .   j - +0 cloak
rCorr    .         Harm     .   (no gloves)
MR       .....                  (boots currently unavailable)
Stlth    +.........             (no amulet)
HPRegen  0.10/turn              (no ring)
MPRegen  0.10/turn              (no ring)

@: lethally poisoned (-1 -> -15), appendage, drained
A: claws 1, talons 3, magic shield
a: End Transformation


You were on level 2 of the Dungeon.
You were not hungry.
You had grown temporary talons.
You visited 1 branch of the dungeon, and saw 2 of its levels.

You collected 59 gold pieces.

Inventory:

Missiles
 a - 12 arrows
Armour
 b - a +0 robe (worn)
 j - a +0 cloak (worn)
Scrolls
 g - 2 scrolls of blinking
 h - a scroll of identify
 i - a scroll of enchant weapon
Books
 c - a book of Changes

   Spells                             Type                      Level
   a - Beastly Appendage              Transmutation                1
   b - Sticks to Snakes               Transmutation                2
   c - Spider Form                    Transmutation/Poison         3
   d - Ice Form                       Ice/Transmutation            4
   e - Blade Hands                    Transmutation                5
Comestibles
 d - 5 rations
 f - 2 chunks of flesh


   Skills:
 + Level 1.6(1.5) Fighting
 + Level 2.1(2.0) Dodging
 * Level 3.3(3.2) Unarmed Combat
 + Level 2.3(2.2) Spellcasting
 * Level 2.7 Transmutations


You had 4 spell levels left.
You knew the following spells:

 Your Spells              Type           Power        Failure   Level  Hunger
a - Beastly Appendage     Tmut           #.....       7%          1    #......
b - Sticks to Snakes      Tmut           #.......     11%         2    ###....


Dungeon Overview and Level Annotations

Branches:
Dungeon (2/15)

Altars:


Innate Abilities, Weirdness & Mutations

You have sharp fingernails.
When hurt, damage is shared between your health and your magic reserves.
You have claws for feet.


Message History

You hit Crazy Yiuf.
Crazy Yiuf is severely wounded.
You hit Crazy Yiuf.
Crazy Yiuf is almost dead.
Crazy Yiuf hits you with a quarterstaff of chaos.
* * * LOW HITPOINT WARNING * * *
You are confused.
You bump into the tree.
You feel less confused.
Crazy Yiuf hits you with a quarterstaff of chaos.
* * * LOW HITPOINT WARNING * * *
You are lethally poisoned!
You aren't carrying any potions.
You hit Crazy Yiuf but do no damage. You claw Crazy Yiuf, but do no damage.
You punch Crazy Yiuf.
You kill Crazy Yiuf!
You have reached level 4!
You feel stronger.
Your demonic ancestry asserts itself...
Your fingernails lengthen.
You die...

#.##.#####.#.###.#
#...# ##.##.#####.#.#
#.# ####...###
.#..........#.# #.#
#.........
.####..######## ###
#.#####.## .# ##.#
#......... .# #.#
#######.#. .# #.##♣♣
#### #... .# ##....♣♣
♣♣#..)# ####
.####......♣♣♣♣.@)..#
............♣..♣#...#
#######..♣.♣.♣♣♣ ####
###♣♣♣♣♣


There were no monsters in sight!

Vanquished Creatures
  Crazy Yiuf (D:2)
  A dart slug (D:1)
  2 worms (D:2)
  4 giant cockroaches (D:2)
  8 goblins
  3 hobgoblins (D:2)
  2 jackals (D:2)
  3 quokkas (D:2)
  2 ball pythons (D:2)
  2 bats
  A frilled lizard (D:1)
  4 kobolds
  5 rats
38 creatures vanquished.

Notes
Turn   | Place    | Note
-------+----------+-------------------------------------------
     0 | D:1      | Lanoc the Demonspawn Transmuter began the quest for the Orb.
     0 | D:1      | Reached XP level 1. HP: 15/15 MP: 3/3
   130 | D:1      | Gained mutation: When hurt, damage is shared between your health and your magic reserves. [demonic ancestry]
   130 | D:1      | Reached XP level 2. HP: 21/21 MP: 3/5
   256 | D:1      | Learned a level 2 spell: Sticks to Snakes
   706 | D:2      | Reached skill level 3 in Unarmed Combat
   797 | D:2      | Reached XP level 3. HP: 21/26 MP: 3/6
  1342 | D:2      | Found a runed door.
  1566 | D:2      | Noticed Crazy Yiuf
  1574 | D:2      | HP: 1/26 [Crazy Yiuf/quarterstaff of chaos (5)]
  1575 | D:2      | Killed Crazy Yiuf
  1575 | D:2      | Gained mutation: You have sharp fingernails. [demonic ancestry]
  1575 | D:2      | Reached XP level 4. HP: 1/32 MP: 0/7
  1575 | D:2      | Succumbed to Crazy Yiuf's poison

Vault maps used:
D:1:      enne_arrival_octagon_isle
D:2:      first_ration, uniq_crazy_yiuf_cottage

Skill      XL: |  1  2 |
---------------+-------+-----
Transmutations | 2 |  2.7
Dodging        | 2 |  2.1
Unarmed Combat | 3 |  3.3
Fighting       | |  1.6
Spellcasting   | |  2.3

Action                   |  1- 3 |  4- 6 || total
-------------------------+-------+-------++-------
Melee: Unarmed           |   138 |       ||   138
       Kick              |    17 |       ||    17
       Headbutt          |     8 |       ||     8
       Punch             |     1 |       ||     1
 Cast: Beastly Appendage |    24 |       ||    24
  Use: Scroll            |     6 |       ||     6
  Eat: Chunk             |     3 |       ||     3
Armor: Robe              |    28 |       ||    28
Dodge: Dodged            |    86 |       ||    86

Table legend:
 A = Spawn XP
 B = Non-spawn XP
 C = Spawn XP percentage of total XP
 D = Spawn monster count
 E = Non-spawn monster count
 F = Spawn count percentage of total count
 G = Total turns spent on level
                    A         B        C        D         E        F      G
               +---------+---------+-------+---------+---------+-------+---------
         Total |       0 |     111 |   0.0 |       0 |      38 |   0.0 |  1575
               +---------+---------+-------+---------+---------+-------+---------
           D:1 |       0 |      21 |   0.0 |       0 |      12 |   0.0 |   693
           D:2 |       0 |      90 |   0.0 |       0 |      26 |   0.0 |   882
               +---------+---------+-------+---------+---------+-------+---------
